 Dungeon Crawl Stone Soup version 0.30-a0-760-g5a9884bb7c (webtiles) character file.

Game seed: 18274616190285780892

84 mopl the Sneak (level 4, -1/23 HPs)
             Began as a Vine Stalker Brigand on Feb 10, 2023.
             Slain by Ijyb
             ... wielding a +1 dagger of venom
              (3 damage)
             ... on level 3 of the Dungeon.
             The game lasted 00:02:44 (1603 turns).

mopl the Sneak (Vine Stalker Brigand)               Turns: 1603, Time: 00:02:45

Health: -1/23      AC:  3    Str: 13    XL:     4   Next: 45%
Magic:  0/5        EV: 11    Int: 11    God:
Gold:   86         SH:  0    Dex: 18    Spells: 3/3 levels left

rFire   . . .      SeeInvis .    b - +0 short sword (venom)
rCold   + . .      Faith    .    (no shield)
rNeg    . . .      Spirit   +    h - +0 robe
rPois   .          Reflect  .    (no helmet)
rElec   .          Harm     .    c - +0 cloak
rCorr   .          Rampage  .    (no gloves)
Will    .....                    (no boots)
Stlth   +++                      (no amulet)
HPRegen 1.03/turn                l - ring of protection from cold
MPRegen 0.09/turn                (no ring)

@: lethally poisoned (-1 -> -4)
A: fangs 2, regeneration 1, magic shield, antimagic bite, no potion heal 2
a: no special abilities


You were on level 3 of the Dungeon.
You visited 1 branch of the dungeon, and saw 3 of its levels.

You collected 86 gold pieces.

Inventory:

Hand Weapons
 a - a +2 dagger
 b - a +0 short sword of venom (weapon)
Missiles
 d - 9 poisoned darts (quivered)
 e - 3 curare-tipped darts
 i - 5 javelins
Armour
 c - a +0 cloak (worn)
 h - a +0 robe (worn)
Jewellery
 l - a ring of protection from cold (left hand)
Scrolls
 j - 2 scrolls of identify {unknown}
 k - 3 scrolls of teleportation {unknown}
 o - a scroll of torment {unknown}
Potions
 f - a potion of haste {unknown}
 g - 2 potions of magic {unknown}
 m - a potion of resistance
 n - 2 potions of degeneration {unknown}
 p - a potion of curing {unknown}
 q - 2 potions of brilliance {unknown}


   Skills:
 - Level 1.7 Fighting
 + Level 2.7 Short Blades
 + Level 2.7 Throwing
 - Level 0.7 Dodging
 + Level 5.8 Stealth


You had 3 spell levels left.
You didn't know any spells.
Your spell library contained the following spells:

 Spells                   Type           Power      Damage    Failure   Level
 Sandblast                Erth           0%         2d4       34%         1
 Passwall                 Tmut/Erth      0%         N/A       47%         2
 Stone Arrow              Conj/Erth      0%         3d7       71%         3


Dungeon Overview and Level Annotations

Branches:
Dungeon (3/15)

Altars:

Shops:
D:1 ::?

Annotations:
D:3 Ijyb


Innate Abilities, Weirdness & Mutations

You have extremely sharp teeth.
Your natural rate of healing is unusually fast.
When hurt, damage is shared between your health and your magic reserves.
Your bite disrupts and absorbs the magic of your enemies.
Potions cannot restore your health.


Message History

A giant cockroach comes into view.
Ijyb zaps a wand.
The roots erupt in riotous growth!
The grasping roots grab you!
Ijyb is unaffected.
The grasping roots constrict you.
You hit Ijyb.
Ijyb is poisoned.
You bite Ijyb, but do no damage.
Ijyb is lightly wounded.
You hit Ijyb but do no damage.
Ijyb looks as sick as possible!
You bite Ijyb. You drain her power.
You feel invigorated.
Ijyb is moderately wounded.
Ijyb screams, "Die!"
Ijyb hits you with a +1 dagger of venom.
You are poisoned.
The grasping roots constrict you.
You closely miss Ijyb. Your bite misses Ijyb.
Ijyb is moderately wounded.
You feel very sick. Ijyb closely misses you. The grasping roots constrict you.
You closely miss Ijyb. You bite Ijyb, but do no damage.
Ijyb is moderately wounded.
You feel sick.
Ijyb drinks a potion.
Ijyb seems to grow stronger.
The grasping roots constrict you.
You escape the roots grasp.
You feel sick.
You hit Ijyb but do no damage. You bite Ijyb. You drain her power.
You feel invigorated.
Ijyb is severely wounded.
You feel sick.
Ijyb hits you with a +1 dagger of venom.
* * * LOW HITPOINT WARNING * * *
You are lethally poisoned!
You hit Ijyb.
Ijyb looks as sick as possible!
Ijyb is almost dead.
* * * LOW HITPOINT WARNING * * *
You feel very sick. Ijyb closely misses you.
You hit Ijyb but do no damage.
Ijyb is almost dead.
* * * LOW HITPOINT WARNING * * *
You feel sick.
Ijyb hits you with a +1 dagger of venom.
You die...

###########
#Bg@......#
#.#######.##
#.######...##
.B..........#
...######....#
##..
#....#.#.# 8..
#.##.#.#.# ...
#.#.#.#
#.#.#<#


You could see Ijyb (strong, extremely poisoned) and a giant cockroach.

Vanquished Creatures
  2 adders (D:2)
  2 worms (D:2)
  4 ball pythons
  6 bats
  8 endoplasms
  4 giant cockroaches
  2 goblins (D:2)
  5 hobgoblins
  4 jackals
  4 kobolds
  4 quokkas
  5 frilled lizards
  2 rats (D:1)
52 creatures vanquished.

Notes
Turn   | Place    | Note
-------+----------+-------------------------------------------
     0 | D:1      | mopl the Vine Stalker Brigand began the quest for the Orb.
     0 | D:1      | Reached XP level 1. HP: 11/11 MP: 2/2
    40 | D:1      | Found Zaseasek's Book Emporium.
   141 | D:1      | Found Dahir Ak Tua's Book Emporium.
   168 | D:1      | Found Zyzor's Magic Scroll Boutique.
   192 | D:1      | Reached skill level 2 in Throwing
   192 | D:1      | Reached skill level 5 in Stealth
   207 | D:1      | Reached skill level 2 in Short Blades
   207 | D:1      | Reached XP level 2. HP: 6/15 MP: 1/3
   432 | D:1      | Reached XP level 3. HP: 18/18 MP: 4/4
  1134 | D:2      | Gained mutation: Your natural rate of healing is unusually
                  | fast. [Vine Stalker growth]
  1134 | D:2      | Reached XP level 4. HP: 16/23 MP: 5/5
  1589 | D:3      | Noticed Ijyb
  1603 | D:3      | Slain by Ijyb

Illustrated notes

Levels and vault maps discovered:
D:1:      erik_arrival_triangle_small, layout_basic, serial_bayou,
          serial_bayou_shore_b, serial_bayou_pond_b, serial_bayou_pond_a,
          serial_bayou_lake_a, serial_bayou_shore_b, serial_bayou_pond_d,
          serial_shops, shop, shop, shop
D:2:      layout_basic, chequers_hall_statues_y, minmay_fractal_squares_5
D:3:      layout_loops_ring, ebering_ecumenical_altar_sacrificial, st_stairs_6,
          kennysheep_boxes, uniq_ijyb

Skill      XL: |  1 |
---------------+----+-----
Throwing       | 2 |  2.7
Stealth        | 5 |  5.8
Short Blades   | 2 |  2.7
Fighting       | |  1.7
Dodging        | |  0.7

Action                     |  1- 3 |  4- 6 || total
---------------------------+-------+-------++-------
  Melee: Short sword       |    78 |    30 ||   108
         Dagger            |     8 |       ||     8
         Bite              |    24 |    11 ||    35
   Stab: Sleeping          |    12 |     3 ||    15
         Distracted        |     1 |       ||     1
 Armour: Robe              |    21 |     3 ||    24
  Dodge: Dodged            |    45 |    11 ||    56

Table legend: (Time is in decaauts)
 A = Elapsed time spent in this place.
 B = Non-inter-level travel time spent in this place.
 C = Inter-level travel time spent in this place.
 D = Time resting spent in this place.
 E = Time spent auto-exploring this place.
 F = Levels seen in this place.
 G = Mean time per level.
                   A        B        C        D        E       F      G
               +--------+--------+--------+--------+--------+-----+--------+
         Total |   1646 |   1553 |     93 |      0 |   1175 |   3 |  548.7 |
       Dungeon |   1646 |   1553 |     93 |      0 |   1175 |   3 |  548.7 |
               +--------+--------+--------+--------+--------+-----+--------+

Top non-repeatable levels by time:
     D:1: 933 daAuts
     D:2: 690 daAuts
     D:3: 21 daAuts
